3AAA
HOUSTON BC @ AUGUSTA TIMBER HAWKS
09/05/2034
 
TOP OF THE 1ST
Houston BC batting - Pitching for Augusta Timber Hawks : RHP Gus Osborne
Pitching: RHP Gus Osborne
Batting: LHB Jesús Hernández 0-0: Ball
1-0: Swinging Strike
1-1: Called Strike
1-2: Strikes out swinging
Batting: RHB Robby Arnold 0-0: Called Strike
0-1: Ball
1-1: Swinging Strike
1-2: Ball
2-2: Ball
3-2: Ground out 6-3 (Groundball, 6M)
Batting: RHB Ryoma Yamamoto 0-0: Called Strike
0-1: SINGLE (Groundball, 6D)
Batting: LHB Rich Watkins 0-0: Ball
1-0: Foul Ball, location: 2F
1-1: Swinging Strike
1-2: Ball
2-2: Strikes out swinging
Top of the 1st over - 0 runs, 1 hit, 0 errors, 1 left on base; Houston 0 - Augusta 0
BOTTOM OF THE 1ST
Augusta Timber Hawks batting - Pitching for Houston BC : RHP Dru Krebs
Pitching: RHP Dru Krebs
Batting: LHB Carlos Medellín 0-0: Called Strike
0-1: Ball
1-1: Called Strike
1-2: Foul Ball, location: 2F
1-2: Ball
2-2: Ground out 4-3 (Groundball, 4)
Batting: RHB Krystof Melichar 0-0: Swinging Strike
0-1: SINGLE (Flyball, 7S)
Batting: RHB Norm Chodorow 0-0: Called Strike
0-1: Fielders Choice at 2nd, 6-4 (Groundball, 6)
Batting: SHB Yun-qi Chien 0-0: Foul Ball, location: 2F
0-1: Fielders Choice at 2nd, 6-4 (Groundball, 6)
Bottom of the 1st over - 0 runs, 1 hit, 0 errors, 1 left on base; Houston 0 - Augusta 0
TOP OF THE 2ND
Houston BC batting - Pitching for Augusta Timber Hawks : RHP Gus Osborne
Batting: RHB António López 0-0: Called Strike
0-1: Swinging Strike
0-2: Ball
1-2: Foul Ball, location: 2F
1-2: Foul Ball, location: 2F
1-2: Foul Ball, location: 2F
1-2: SINGLE (Groundball, 34D)
Batting: RHB Jud Regan 0-0: Ball
1-0: Called Strike
1-1: Called Strike
1-2: Strikes out swinging
Batting: RHB Alfredo Mojica 0-0: Foul Ball, location: 2F
0-1: Fly out, F9 (Flyball, 9D)
Batting: RHB Alba Hidalgo de Jesus 0-0: Ball
1-0: Swinging Strike
1-1: Foul Ball, location: 2F
1-2: Strikes out looking
Top of the 2nd over - 0 runs, 1 hit, 0 errors, 1 left on base; Houston 0 - Augusta 0
BOTTOM OF THE 2ND
Augusta Timber Hawks batting - Pitching for Houston BC : RHP Dru Krebs
Batting: RHB Jesús Recesvinto 0-0: Ball
1-0: Foul Ball, location: 2F
1-1: Called Strike
1-2: Foul Ball, location: 2F
1-2: Ball
2-2: Ball
3-2: Foul Ball, location: 2F
3-2: Fly out, F6 (Line Drive, 56D)
Batting: RHB Uchino Akahito 0-0: Ball
1-0: Ball
2-0: Fly out, F9 (Flyball, 9LMF)
Batting: LHB Fa-tang Wang 0-0: Ball
1-0: Called Strike
1-1: Ball
2-1: Foul Ball, location: 2F
2-2: Ball
3-2: Reached on error, E4 (Groundball, 4)
Batting: RHB Dave Yates 0-0: Ball
1-0: Called Strike
1-1: Fly out, F7 (Flyball, 7)
Bottom of the 2nd over - 0 runs, 0 hits, 1 error, 1 left on base; Houston 0 - Augusta 0
TOP OF THE 3RD
Houston BC batting - Pitching for Augusta Timber Hawks : RHP Gus Osborne
Batting: RHB Abraham Phelps 0-0: Ball
1-0: Ball
2-0: Swinging Strike
2-1: Fly out, F6 (Popup, 4M)
Batting: LHB Jesús Hernández 0-0: Swinging Strike
0-1: Swinging Strike
0-2: Ball
1-2: Ball
2-2: Foul Ball, location: 2F
2-2: Strikes out looking
Batting: RHB Robby Arnold 0-0: Ball
1-0: Ball
2-0: Foul Ball, location: 2F
2-1: Called Strike
2-2: Strikes out swinging
Top of the 3rd over - 0 runs, 0 hits, 0 errors, 0 left on base; Houston 0 - Augusta 0
BOTTOM OF THE 3RD
Augusta Timber Hawks batting - Pitching for Houston BC : RHP Dru Krebs
Batting: LHB Randy Sallah 0-0: Ball
1-0: Foul Ball, location: 2F
1-1: Ball
2-1: Foul Ball, location: 2F
2-2: Ball
3-2: Strikes out looking
Batting: LHB Carlos Medellín 0-0: Ball
1-0: Ball
2-0: Called Strike
2-1: SINGLE (Flyball, 89S)
Batting: RHB Krystof Melichar 0-0: Called Strike
Carlos Medellín steals 2nd base
0-1: Swinging Strike
0-2: Ball
1-2: Fly out, F6 (Line Drive, 6M)
Batting: RHB Norm Chodorow 0-0: Ball
Passed Ball!
Carlos Medellín to third
1-0: Foul Ball, location: 2F
1-1: Foul Ball, location: 2F
1-2: Foul Ball, location: 2F
1-2: SINGLE (Groundball, 56D)
Carlos Medellín scores
Batting: SHB Yun-qi Chien 0-0: Ball
Norm Chodorow steals 2nd base
1-0: Ball
2-0: Ball
3-0: Called Strike
3-1: Called Strike
3-2: Foul Ball, location: 2F
3-2: Fly out, F7 (Flyball, 78D)
Bottom of the 3rd over - 1 run, 2 hits, 0 errors, 1 left on base; Houston 0 - Augusta 1
TOP OF THE 4TH
Houston BC batting - Pitching for Augusta Timber Hawks : RHP Gus Osborne
Batting: RHB Ryoma Yamamoto 0-0: Ball
1-0: Called Strike
1-1: Called Strike
1-2: Ball
2-2: Ground out 6-3 (Groundball, 6)
Batting: LHB Rich Watkins 0-0: Called Strike
0-1: Ball
1-1: Called Strike
1-2: Foul Ball, location: 2F
1-2: Strikes out swinging
Batting: RHB António López 0-0: Ball
1-0: Ball
2-0: Ball
3-0: Base on Balls
Batting: RHB Jud Regan 0-0: Foul Ball, location: 2F
0-1: Ball
1-1: Ball
2-1: Ball
3-1: Called Strike
3-2: Base on Balls
António López to second
Batting: RHB Alfredo Mojica 0-0: Called Strike
0-1: Called Strike
0-2: Ball
1-2: SINGLE (Groundball, 5D)
António López to third
Jud Regan to second
Runner from 3rd tries for Home, throw and OUT!
Top of the 4th over - 0 runs, 1 hit, 0 errors, 2 left on base; Houston 0 - Augusta 1
BOTTOM OF THE 4TH
Augusta Timber Hawks batting - Pitching for Houston BC : RHP Dru Krebs
Batting: RHB Jesús Recesvinto 0-0: Ball
1-0: Called Strike
1-1: Called Strike
1-2: Foul Ball, location: 2F
1-2: Strikes out swinging
Batting: RHB Uchino Akahito 0-0: Ball
1-0: Ball
2-0: Foul Ball, location: 2F
2-1: Ball
3-1: DOUBLE (Line Drive, 78XD)
Batting: LHB Fa-tang Wang 0-0: Ball
1-0: Called Strike
1-1: Foul Ball, location: 2F
1-2: Ground out 5-3 (Groundball, 5)
Batting: RHB Dave Yates 0-0: Ball
1-0: Foul Ball, location: 2F
1-1: Ball
2-1: Ground out 5-3 (Groundball, 5S)
Bottom of the 4th over - 0 runs, 1 hit, 0 errors, 1 left on base; Houston 0 - Augusta 1
TOP OF THE 5TH
Houston BC batting - Pitching for Augusta Timber Hawks : RHP Gus Osborne
Batting: RHB Alba Hidalgo de Jesus 0-0: Foul Ball, location: 2F
0-1: Fly out, F4 (Flyball, 4MD)
Batting: RHB Abraham Phelps 0-0: Called Strike
0-1: Called Strike
0-2: Ball
1-2: SINGLE (Flyball, 9S)
Batting: LHB Jesús Hernández 0-0: Fly out, F3 (Line Drive, 3)
Batting: RHB Robby Arnold 0-0: Called Strike
0-1: Swinging Strike
0-2: Fielders Choice at 2nd, 5-4 (Groundball, 56)
Top of the 5th over - 0 runs, 1 hit, 0 errors, 1 left on base; Houston 0 - Augusta 1
BOTTOM OF THE 5TH
Augusta Timber Hawks batting - Pitching for Houston BC : RHP Dru Krebs
Batting: LHB Randy Sallah 0-0: Ball
1-0: Ball
2-0: Swinging Strike
2-1: Ball
3-1: Foul Ball, location: 2F
3-2: SINGLE (Groundball, 4M) (infield hit)
Batting: LHB Carlos Medellín 0-0: Ball
1-0: Bunted foul
1-1: Sac Bunt - play at first, batter OUT! 2-4
Randy Sallah to second
Batting: RHB Krystof Melichar 0-0: Ball
Wild Pitch!
Randy Sallah to third
1-0: Ball
2-0: Called Strike
2-1: DOUBLE (Line Drive, 7LS)
Randy Sallah scores
Batting: RHB Norm Chodorow 0-0: Ball
1-0: Ball
Krystof Melichar is caught stealing 3rd base
2-0: Fly out, F8 (Flyball, 8LS)
Bottom of the 5th over - 1 run, 2 hits, 0 errors, 0 left on base; Houston 0 - Augusta 2
TOP OF THE 6TH
Houston BC batting - Pitching for Augusta Timber Hawks : RHP Gus Osborne
Batting: RHB Ryoma Yamamoto 0-0: Foul Ball, location: 2F
0-1: Ball
1-1: Foul Ball, location: 2F
1-2: Fly out, F8 (Flyball, 89D)
Batting: LHB Rich Watkins 0-0: Foul Ball, location: 2F
0-1: Swinging Strike
0-2: Ball
1-2: Ball
2-2: Foul Ball, location: 2F
2-2: Foul Ball, location: 2F
2-2: Strikes out looking
Batting: RHB António López 0-0: Ball
1-0: Ground out 5-3 (Groundball, 5S)
Top of the 6th over - 0 runs, 0 hits, 0 errors, 0 left on base; Houston 0 - Augusta 2
BOTTOM OF THE 6TH
Augusta Timber Hawks batting - Pitching for Houston BC : RHP Dru Krebs
Batting: SHB Yun-qi Chien 0-0: Foul Ball, location: 2F
0-1: Swinging Strike
0-2: Ball
1-2: Strikes out swinging
Batting: RHB Jesús Recesvinto 0-0: Swinging Strike
0-1: Ball
1-1: DOUBLE (Groundball, 5L)
Batting: RHB Uchino Akahito 0-0: Called Strike
0-1: Ball
1-1: Ground out 6-3 (Groundball, 6)
Batting: LHB Fa-tang Wang 0-0: Foul Ball, location: 2F
0-1: Ball
1-1: SINGLE (Line Drive, 34D)
Jesús Recesvinto to third
Runner from 3rd tries for Home, throw and OUT!
Bottom of the 6th over - 0 runs, 2 hits, 0 errors, 1 left on base; Houston 0 - Augusta 2
TOP OF THE 7TH
Houston BC batting - Pitching for Augusta Timber Hawks : RHP Gus Osborne
Pitching: LHP Katsumoto Miyanohara
Now in RF: Damian Delaney
Batting: RHB Jud Regan 0-0: Ball
1-0: Ball
2-0: Ball
3-0: Called Strike
3-1: SINGLE (Groundball, 56) (infield hit)
Batting: RHB Alfredo Mojica 0-0: Bunt missed!
0-1: Sac Bunt - play at first, batter OUT! 1-4
Jud Regan to second
Batting: RHB Alba Hidalgo de Jesus 0-0: Called Strike
Jud Regan steals 3rd base
0-1: Swinging Strike
0-2: Ball
1-2: Fly out, F9 (Line Drive, 9D)
Runner from 3rd tags up, SCORES, no throw
Batting: RHB Abraham Phelps 0-0: SOLO HOME RUN (Flyball, 9LD), Distance : 352 ft
Pitching: RHP Jorge Ochoa
Batting: LHB Jesús Hernández 0-0: Ball
1-0: Ground out U3 (Groundball, 34)
Top of the 7th over - 2 runs, 2 hits, 0 errors, 0 left on base; Houston 2 - Augusta 2
BOTTOM OF THE 7TH
Augusta Timber Hawks batting - Pitching for Houston BC : RHP Dru Krebs
Batting: RHB Dave Yates 0-0: Called Strike
0-1: Foul Ball, location: 2F
0-2: Ball
1-2: Strikes out swinging
Batting: LHB Randy Sallah 0-0: Swinging Strike
0-1: Ball
1-1: Ball
2-1: Foul Ball, location: 2F
2-2: Strikes out looking
Batting: LHB Carlos Medellín 0-0: Foul Ball, location: 2F
0-1: Ball
1-1: Foul Ball, location: 2F
1-2: Ball
2-2: Strikes out swinging
Bottom of the 7th over - 0 runs, 0 hits, 0 errors, 0 left on base; Houston 2 - Augusta 2
TOP OF THE 8TH
Houston BC batting - Pitching for Augusta Timber Hawks : RHP Jorge Ochoa
Batting: RHB Robby Arnold 0-0: Fly out, F4 (Flyball, 4MD)
Batting: RHB Ryoma Yamamoto 0-0: SINGLE (Groundball, 56D)
Batting: LHB Rich Watkins 0-0: Ball
1-0: Called Strike
1-1: Swinging Strike
1-2: Foul Ball, location: 2F
1-2: Ball
2-2: Foul Ball, location: 2F
2-2: Foul Ball, location: 2F
2-2: Strikes out looking
Batting: RHB António López 0-0: Called Strike
0-1: Swinging Strike
0-2: Ball
1-2: Ball
2-2: Strikes out swinging
Top of the 8th over - 0 runs, 1 hit, 0 errors, 1 left on base; Houston 2 - Augusta 2
BOTTOM OF THE 8TH
Augusta Timber Hawks batting - Pitching for Houston BC : RHP Dru Krebs
Pitching: LHP Ramón Negrón
Batting: RHB Krystof Melichar 0-0: SINGLE (Flyball, 9LS)
Batting: RHB Norm Chodorow 0-0: Ball
1-0: Ground out 4-3 (Groundball, 34)
Krystof Melichar to second
Batting: SHB Yun-qi Chien 0-0: Intentional Walk
Pinch Hitting: SHB Galtero Suárez 0-0: Ball
1-0: Ball
2-0: Ball
3-0: Base on Balls
Krystof Melichar to third
Yun-qi Chien to second
Batting: RHB Uchino Akahito 0-0: Ball
1-0: Swinging Strike
1-1: Ball
2-1: Ball
3-1: Base on Balls
Krystof Melichar scores
Yun-qi Chien to third
Galtero Suárez to second
Batting: LHB Fa-tang Wang 0-0: Ball
1-0: Ball
2-0: Ball
3-0: Called Strike
3-1: Swinging Strike
3-2: Fly out, F7 (Flyball, 7D)
Runner from 3rd tags up, SCORES, no throw
Batting: RHB Dave Yates 0-0: Called Strike
0-1: Ball
1-1: Foul Ball, location: 2F
1-2: Strikes out swinging
Bottom of the 8th over - 2 runs, 1 hit, 0 errors, 2 left on base; Houston 2 - Augusta 4
TOP OF THE 9TH
Houston BC batting - Pitching for Augusta Timber Hawks : RHP Jorge Ochoa
Pitching: RHP Tate Beason
Now at C: Galtero Suárez
Batting: RHB Jud Regan 0-0: Foul Ball, location: 2F
0-1: Foul Ball, location: 2F
0-2: Foul Ball, location: 2F
0-2: Ball
1-2: Ball
2-2: Foul Ball, location: 2F
2-2: Ground out 6-3 (Groundball, 6M)
Batting: RHB Alfredo Mojica 0-0: Called Strike
0-1: Ball
1-1: Swinging Strike
1-2: Ball
2-2: Strikes out looking
Batting: RHB Alba Hidalgo de Jesus 0-0: Called Strike
0-1: Foul Ball, location: 2F
0-2: Ball
1-2: Ball
2-2: Ball
3-2: Foul Ball, location: 2F
3-2: Base on Balls
Batting: RHB Abraham Phelps 0-0: Called Strike
0-1: Ball
1-1: Called Strike
1-2: Strikes out swinging
Top of the 9th over - 0 runs, 0 hits, 0 errors, 1 left on base; Houston 2 - Augusta 4
Friday, March 29th, 2019 - OOTP Baseball 18.8 Build 76